Map: Blackpink LE

Players

Seolen

  • Race: Zerg Zerg
  • League: Gold
  • Spawn Location: 1:00

Infamous - Winner!

  • Race: Protoss Protoss
  • League: Silver
  • Spawn Location: 7:00

VOD

Have the link to the VOD?

Description

Time

  • Played on: March 29, 2018, 1:53 p.m.
  • Length: 12:38
Show
View Real Time Build Order
Export as new Build Order

Seolen Zerg 

Build Orders: Hatch First 

Get SALT Encoding   

  12  0:02  Drone  
  13  0:09  Drone  
  14  0:40  Drone, Hatchery  
  14  0:58  Spawning Pool  
  14  0:59  Drone  
  14  1:07  Overlord  
  14  1:14  Extractor  
  14  1:15  Drone  
  14  1:26  Drone  
  14  1:27  Drone  
  16  1:37  Drone  
  17  1:44  Zergling x2  
  17  1:47  Queen  
  20  1:57  Zergling x4  
  22  2:04  Queen  
  22  2:08  Zergling x2  
  25  2:09  Zergling x2  
  26  2:18  Zergling x4  
  28  2:29  Overlord  
  28  2:31  Overlord  
  28  2:38  Metabolic Boost  
  28  2:50  Drone x2  
  30  2:51  Drone  
  30  2:54  Drone  
  32  2:59  Zergling x2  
  32  3:03  Zergling x2  
  34  3:23  Drone  
  34  3:24  Drone  
  36  3:33  Roach Warren  
  35  3:42  Hatchery  
  35  3:44  Drone  
  35  3:45  Drone  
  36  3:55  Lair  
  36  4:01  Extractor  
  35  4:07  Drone  
  35  4:08  Drone x2  
  38  4:12  Overlord  
  38  4:18  Roach  
  40  4:27  Roach  
  40  4:28  Roach  
  44  4:32  Roach  
  44  4:36  Drone  
  47  4:41  Overlord  
  47  4:51  Drone  
  47  4:52  Drone, Spore Crawler  
  48  4:55  Drone  
  49  5:10  Drone  
  49  5:11  Drone x4  
  54  5:19  Overlord  
  52  5:39  Roach x4  
  62  5:57  Roach x2  
  62  5:58  Roach  
  62  5:59  Overlord  
  62  6:00  Overlord  
  66  6:04  Hatchery  
  65  6:12  Overseer  
  65  6:13  Overseer  
  65  6:14  Overseer  
  65  6:26  Hydralisk Den  
  65  6:27  Spore Crawler  
  63  6:36  Drone x2  
  63  6:37  Drone  
  66  6:41  Roach x3, Infestation Pit  
  66  6:42  Roach x2  
  66  6:43  Roach  
  66  6:47  Roach  
  79  6:51  Overlord  
  79  6:56  Overlord  
  79  6:58  Drone  
  79  7:01  Drone  
  81  7:03  Drone  
  82  7:10  Extractor  
  82  7:11  Drone x3  
  82  7:12  Drone  
  85  7:16  Overlord  
  85  7:28  Roach x3  
  91  7:31  Drone  
  92  7:38  Extractor, Drone x3  
  92  7:43  Hydralisk  
  94  7:44  Hydralisk  
  94  7:47  Hydralisk  
  100  8:06  Hydralisk  
  100  8:07  Spore Crawler, Hydralisk x2  
  82  8:21  Hydralisk  
  82  8:22  Hydralisk x4  
  76  8:37  Hydralisk x3  
  76  8:38  Hydralisk  
  76  8:41  Hydralisk  
  86  8:49  Drone x4  
  86  8:50  Drone  
  91  8:56  Hydralisk x2  
  95  9:05  Hive  
  95  9:18  Evolution Chamber  
  95  9:22  Evolution Chamber  
  93  9:26  Drone  
  93  9:27  Drone x4, Spire  
  93  9:28  Drone  
  98  9:32  Hydralisk  
  98  9:33  Extractor  
  98  9:35  Hydralisk  
  101  9:43  Drone x3  
  101  9:44  Drone  
  105  9:47  Overlord  
  105  9:51  Hydralisk  
  107  10:00  Drone x2  
  107  10:01  Drone, Hydralisk  
  107  10:05  Hydralisk  
  107  10:06  Overlord  
  114  10:09  Overlord  
  114  10:12  Overlord  
  114  10:16  Zerg Missile Weapons Level 1  
  114  10:20  Zerg Ground Armor Level 1  
  114  10:25  Muscular Augments  
  114  10:28  Hydralisk  
  88  10:45  Hydralisk x5  
  88  10:46  Hydralisk  
  88  10:48  Hydralisk  
  72  10:55  Hydralisk x2  
  72  10:56  Mutalisk  
  48  11:22  Hydralisk x4  
  48  11:23  Hydralisk  
  50  11:29  Hydralisk  
  50  11:32  Zergling x2  
  53  11:33  Zergling x4  
  53  11:34  Zergling x2  
  53  11:35  Zergling x2  
  57  11:56  Hydralisk x2  
  57  11:57  Hydralisk x3  
  67  12:02  Zergling x2  
  67  12:03  Zergling x2  
Show
View Real Time Build Order
Export as new Build Order

Infamous Protoss - Winner!

Build Orders:  

Get SALT Encoding   

  12  0:01  Probe  
  13  0:13  Probe  
  14  0:22  Pylon  
  14  0:26  Probe  
  15  0:40  Probe (Chrono Boost)  
  15  0:41  Gateway  
  16  0:52  Probe (Chrono Boost)  
  16  0:54  Assimilator  
  17  0:57  Probe (Chrono Boost)  
  18  1:14  Gateway  
  18  1:28  Forge  
  18  1:29  Probe  
  19  1:44  Probe, Pylon  
  20  1:56  Probe  
  21  2:02  Pylon  
  21  2:03  Zealot  
  21  2:08  Probe  
  24  2:17  Nexus  
  24  2:22  Probe  
  25  2:26  Assimilator  
  25  2:34  Zealot (Chrono Boost)  
  27  2:42  Cybernetics Core  
  27  2:46  Probe  
  28  2:54  Photon Cannon  
  28  3:03  Pylon  
  28  3:05  Probe  
  29  3:18  Warp Gate (Chrono Boost)  
  29  3:19  Probe  
  30  3:28  Robotics Facility  
  30  3:31  Probe  
  33  3:35  Stalker (Chrono Boost)  
  33  3:36  Probe  
  34  3:43  Probe  
  34  3:44  Sentry (Chrono Boost)  
  37  3:59  Probe  
  37  4:00  Probe, Pylon  
  39  4:11  Probe  
  39  4:12  Probe  
  39  4:13  Pylon  
  39  4:17  Protoss Ground Weapons Level 1 (Chrono Boost)  
  41  4:22  Observer  
  41  4:24  Probe  
  43  4:33  Twilight Council  
  43  4:40  Shield Battery  
  43  4:41  Pylon  
  43  4:43  Photon Cannon, Assimilator  
  43  4:44  Pylon  
  43  4:45  Probe (Chrono Boost)  
  45  4:49  Probe (Chrono Boost)  
  45  5:00  Probe  
  45  5:01  Immortal  
  50  5:15  Gateway  
  50  5:17  Gateway  
  48  5:21  Gateway  
  48  5:23  Adept x2  
  48  5:27  Probe  
  54  5:36  Probe (Chrono Boost)  
  54  5:39  Probe (Chrono Boost)  
  55  5:44  Assimilator  
  55  5:45  Immortal  
  61  5:50  Probe (Chrono Boost)  
  61  5:52  Probe (Chrono Boost)  
  61  5:54  Templar Archives  
  61  5:55  Pylon  
  61  6:06  Probe  
  61  6:07  Probe  
  61  6:09  Stalker  
  61  6:10  Adept  
  67  6:28  Sentry  
  67  6:29  Templar Archives  
  67  6:30  Zealot x2  
  67  6:31  Gateway  
  72  6:33  Gateway  
  72  6:40  Zealot x2  
  72  6:41  Charge (Chrono Boost)  
  72  6:42  Protoss Ground Armor Level 1  
  76  6:54  Zealot x2  
  76  6:55  Zealot  
  82  7:09  Probe x2  
  82  7:10  High Templar  
  86  7:21  Probe  
  87  7:32  High Templar  
  87  7:34  Zealot x2  
  93  7:47  Pylon  
  93  7:51  Pylon  
  93  7:54  Pylon  
  93  8:06  Immortal  
  83  8:20  Stalker x5  
  83  8:21  Stalker  
  73  8:34  Zealot  
  73  8:40  Psionic Storm  
  75  8:44  High Templar  
  77  8:58  Zealot x5  
  77  8:59  Zealot  
  89  9:18  Protoss Ground Weapons Level 2 (Chrono Boost)  
  89  9:19  Forge, Zealot x3  
  89  9:20  Zealot x3  
  101  9:27  High Templar  
  103  9:34  Probe  
  103  9:35  Probe  
  105  9:38  Pylon  
  105  9:40  Pylon  
  105  9:48  Robotics Facility  
  105  9:56  Archon  
  105  9:57  High Templar x3  
  105  9:59  Zealot  
  113  10:00  Zealot  
  113  10:01  Zealot x2  
  119  10:14  Protoss Ground Armor Level 2 (Chrono Boost)  
  119  10:35  Nexus  
  117  10:38  Pylon  
  117  10:40  Pylon  
  117  10:41  Pylon  
  107  10:43  Pylon  
  101  10:54  Stalker x6  
  113  11:05  Immortal  
  113  11:10  Immortal  
  121  11:24  High Templar x2  
  123  11:26  Zealot x2  
  123  11:27  Zealot  
  129  11:32  Archon  
  129  11:33  Archon  
  129  11:45  Observer  
  130  11:50  Observer  
Tags
 
Matchup
PvZ
Replay Pack
Last Remnant (2)
Spawn Locations
Cross Positions
Add a new tag
Caveats
  • Supply blocks, unpowered buildings, or Contaminate may cause inaccurate times.
  • Supply counts are checked every 10 seconds.